 Dungeon Crawl Stone Soup version 0.18.1-6-gd335043 (webtiles) character file.

15 mopl the Insei (level 2, -1/20 HPs)
             Began as a Vampire Transmuter on May 16, 2016.
             Slain by a jackal (2 damage)
             ... on level 1 of the Dungeon.
             The game lasted 00:01:05 (445 turns).

mopl the Insei (Vampire Transmuter)                  Turns: 445, Time: 00:01:06

Health: -1/20      AC:  2    Str:  9    XL:     2   Next: 34%
Magic:  3/5        EV: 12    Int: 15    God:
Gold:   28         SH:  0    Dex: 14    Spells: 2 memorised, 2 levels left

rFire  . . .     SeeInvis +     a - +0 dagger
rCold  . . .     Gourm    .     b - +0 robe
rNeg   + . .     Faith    .     (no shield)
rPois  .         Spirit   .     (no helmet)
rElec  .         Dismiss  .     (no cloak)
rCorr  .         Reflect  .     (no gloves)
SustAt .         Harm     .     (no boots)
MR     .....                    (no amulet)
Stlth  ++........               (no ring)
                                (no ring)

@: not resistant to hostile enchantments, unstealthy
A: fangs 3, see invisible, unbreathing
a: no special abilities


You were on level 1 of the Dungeon.
You were not thirsty.

You visited 1 branch of the dungeon, and saw 1 of its levels.

You collected 28 gold pieces.

Inventory:

Hand Weapons
 a - a +0 dagger (weapon)
Missiles
 e - 11 arrows
 i - 6 tomahawks (quivered)
Armour
 b - a +0 robe (worn)
Scrolls
 f - a scroll of enchant weapon {unknown}
 g - a scroll of identify {unknown}
 j - a scroll of teleportation {unknown}
Potions
 d - 2 potions of blood
 h - a potion of lignification {unknown}
Books
 c - a book of Changes

   Spells                             Type                      Level
   a - Beastly Appendage              Transmutation                1
   b - Sticks to Snakes               Transmutation                2
   c - Spider Form                    Transmutation/Poison         3
   d - Ice Form                       Ice/Transmutation            4
   e - Blade Hands                    Transmutation                5


   Skills:
 - Level 0.8 Fighting
 + Level 0.4 Short Blades
 - Level 2.1 Dodging
 * Level 3.1 Stealth
 - Level 3.2 Unarmed Combat
 - Level 2.0 Spellcasting
 - Level 2.1 Transmutations


You had 2 spell levels left.
You knew the following spells:

 Your Spells              Type           Power        Failure   Level  Hunger
a - Beastly Appendage     Trmt           #.....       12%         1    #......
w - Sticks to Snakes      Trmt           #.......     14%         2    ###....


Dungeon Overview and Level Annotations

Branches:
Dungeon (1/15)

Altars:


Innate Abilities, Weirdness & Mutations

You have razor-sharp teeth.
You have supernaturally acute eyesight.
You can survive without breathing.


Message History

The jackal is moderately wounded.
The jackal bites you.
* * * LOW HITPOINT WARNING * * *
The jackal closely misses you.
You hit the jackal but do no damage.
The jackal is moderately wounded.
The jackal bites you.
* * * LOW HITPOINT WARNING * * *
You hit the jackal but do no damage. The jackal bites you.
* * * LOW HITPOINT WARNING * * *
You hit the jackal but do no damage. The jackal barely misses you.
The jackal bites you.
* * * LOW HITPOINT WARNING * * *
You closely miss the jackal. The jackal barely misses you.
You hit the jackal but do no damage. The jackal barely misses you.
Cast which spell? (? or * to list)
You create a snake!
You now have 11 arrows.
The jackal bites you but does no damage.
The jackal bites you.
You die...

######.##.#.# #
#.#..#.### #
....##..## ..
...## ##.#.
....# ..####....
## #..# ####
........... ..
#.###...
.#######.##
#.##..h..##...#
#..##
#..#.##@.S.....
#.###
#......###..##
.. ###.##..#..#
... #..#....#
...### ##.....##
..#
###.†#..###.# .
#.....#.....# #
#...##.......#..
..
#.###..........#
##


You could see a jackal and a friendly ball python.

Vanquished Creatures
  A giant cockroach (D:1)
  5 goblins (D:1)
  A hobgoblin (D:1)
  A jackal (D:1)
  A giant newt (D:1)
  6 rats (D:1)
15 creatures vanquished.

Notes
Turn   | Place    | Note
--------------------------------------------------------------
     0 | D:1      | mopl the Vampire Transmuter began the quest for the Orb.
     0 | D:1      | Reached XP level 1. HP: 14/14 MP: 3/3
    42 | D:1      | Reached skill level 1 in Stealth
   104 | D:1      | Reached skill level 2 in Stealth
   153 | D:1      | Reached XP level 2. HP: 8/20 MP: 5/5
   163 | D:1      | Learned a level 2 spell: Sticks to Snakes
   244 | D:1      | Reached skill level 3 in Stealth
   442 | D:1      | HP: 1/20 [jackal (1)]
   445 | D:1      | Slain by a jackal

Skill      XL: |  1  2 |
---------------+-------+-----
Stealth        | 2 3 |  3.1
Fighting       | |  0.8
Short Blades   | |  0.4
Dodging        | |  2.1
Unarmed Combat | |  3.2
Spellcasting   | |  2.0
Transmutations | |  2.1

Action                   || total
-------------------------++-------
Melee: Dagger            ||    49
       Unarmed           ||     3
       Bite              ||     3
 Cast: Sticks to Snakes  ||     1
  Use: Potion            ||     1
Armor: Robe              ||     5
Dodge: Dodged            ||    23
